 Dungeon Crawl Stone Soup version 0.31.0-11-ge490571c62 (webtiles) character file.

Game seed: 9791841465412268390

1262 mainiacjoe the Destroyer (level 8, -3/43 HPs)
             Began as a Deep Elf Reaver on Feb 4, 2024.
             Slain by a crocodile zombie (12 damage)
             ... in an ossuary.
             The game lasted 00:24:06 (7162 turns).

mainiacjoe the Destroyer (Deep Elf Reaver)          Turns: 7162, Time: 00:24:07

Health: -3/43      AC:  4    Str:  9    XL:     8   Next: 27%
Magic:  26/26      EV: 12    Int: 21    God:
Gold:   168        SH:  0    Dex: 13    Spells: 4/17 levels left

rFire   . . .        a - +0 scimitar
rCold   . . .        o - orb {light}
rNeg    . . .        g - +0 leather armour
rPois   .            (no helmet)
rElec   .            (no cloak)
rCorr   .            h - +0 pair of gloves
SInv    .            (no boots)
Will    .....        (no amulet)
Stlth   +            i - ring of magical power
HPRegen 0.27/turn    (no ring)
MPRegen 0.20/turn

%: no passive effects
@: confused, brilliant, ambrosia-drunk, glowing
A: no striking features
a: no special abilities


You were in an ossuary.
You visited 1 branch of the dungeon, and saw 7 of its levels.
You also visited: Ossuary.

You collected 378 gold pieces.
You spent 210 gold pieces at shops.

Inventory:

Hand Weapons
 a - a +0 scimitar (weapon)
 e - a +0 quarterstaff
 j - a +0 short sword
 D - a +0 sling
Missiles
 c - 31 stones
 k - 3 darts of dispersal {=F}
 x - a throwing net {=F}
 z - 8 curare-tipped darts {=F}
Armour
 f - a +0 ring mail
 g - a +0 leather armour (worn)
 h - a +0 pair of gloves (worn)
 o - an orb of light (worn)
Magical Staves
 b - a staff of conjuration {!a}
Jewellery
 i - a ring of magical power (left hand)
 v - an amulet of magic regeneration
Wands
 u - a wand of roots (9)
Scrolls
 d - 2 scrolls of blinking
 l - 2 scrolls of fear
 p - 2 scrolls of fog
 t - a scroll of immolation
 w - a scroll of vulnerability
 y - a scroll of poison
 B - 3 scrolls of noise
Potions
 m - a potion of invisibility
 n - 2 potions of enlightenment
 q - 3 potions of curing
 r - 2 potions of lignification
 A - a potion of haste


   Skills:
 - Level 1.5 Fighting
 - Level 3.6(4.3) Short Blades
 - Level 3.2(4.0) Long Blades
 - Level 2.4 Dodging
 - Level 5.0 Spellcasting
 - Level 9.0 Conjurations
 - Level 2.0 Translocations
 - Level 2.0 Ice Magic
 + Level 2.0 Alchemy


You had 4 spell levels left.
You knew the following spells:

 Your Spells              Type           Power      Damage    Failure   Level
a - Magic Dart            Conj           100%       1d8       1%          1
b - Searing Ray           Conj           100%       2d8       1%          2
c - Momentum Strike       Conj/Tloc      84%        3d10      2%          2
d - Hailstorm             Conj/Ice       42%        3d9       4%          3
e - Fulminant Prism       Conj/Alch      21%        3d12      16%         4
k - Kiss of Death         Conj/Necr      100%       2d13      2%          1

Your spell library contained the following spells:

 Spells                   Type           Power      Damage    Failure   Level
 Static Discharge         Conj/Air       72%        3-6/arc   3%          2
 Lesser Beckoning         Tloc           40%        N/A       10%         2
 Necrotise                Necr           28%        1d5       16%         1
 Gell's Gravitas          Tloc           20%        N/A       21%         3
 Teleport Other           Tloc           20%        N/A       21%         3
 Airstrike                Air            3%         2d(1-17)  83%         4
 Cause Fear               Hex            3%         N/A       83%         4
 Dispel Undead            Necr           7%         3d8       83%         4
 Summon Lightning Spire   Summ/Air       7%         N/A       83%         4
 Fireball                 Conj/Fire      18%        3d9       54%         5
 Curse of Agony           Necr           7%         N/A       99%         5
 Malign Gateway           Summ/Tloc      7%         N/A       100%        7
 Dragon's Call            Summ           3%         N/A       100%        9


Dungeon Overview and Level Annotations

Branches:
Dungeon (7/15)            Ossuary (1/1)
 Temple: D:4-7

Altars:
Ashenzari
Gozag
Hepliaklqana
Kikubaaqudgha
Okawaru
Sif Muna
Trog
Uskayaw
Zin
The Shining One

Shops:
D:2 ?   D:4 =(:*   D:5 *   D:7 (


Message History

The crocodile zombie bites you.
The crocodile zombie drags you backwards!
Okay, then.
The mummy hits you! The crocodile zombie bites you!
The crocodile zombie misses you.
The crocodile zombie attacks as it pursues you!
The crocodile zombie barely misses you. The mummy misses you.
Casting: Searing Ray (safe; 1% risk of failure)
Confirm with . or Enter, or press ? or * to list all spells.
Aiming: Searing Ray (safe; 1% risk of failure)
Press: ? - help, Shift-Dir - straight line, f - mummy
Aim: a mummy (haloed, 94% to hit)
You feel a surge of power!
The searing ray hits the mummy.
The mummy is moderately damaged. (Press . to maintain the ray.)
The searing ray hits the mummy.
The mummy is heavily damaged.
The crocodile zombie barely misses you. The crocodile zombie bites you!
* * * LOW HITPOINT WARNING * * *
The crocodile zombie drags you backwards!
The mummy closely misses you.
You feel clever all of a sudden. The crocodile zombie bites you.
* * * LOW HITPOINT WARNING * * *
You are confused.
You feel invigorated. The mummy hits you.
* * * LOW HITPOINT WARNING * * *
The crocodile zombie barely misses you. x2
a - a +0 scimitar (weapon)
You slash the mummy!
The mummy is severely damaged.
The crocodile zombie bites you.
* * * LOW HITPOINT WARNING * * *
The crocodile zombie drags you backwards!
The mummy hits you.
* * * LOW HITPOINT WARNING * * *
You hit the mummy but do no damage.
The mummy is severely damaged.
The crocodile zombie misses you. The crocodile zombie bites you!
You die...

Z############
............##
..^.......Z..#
....∩..∩.Z@M.#
.........Z...#
............##
.############


You could see a mummy and 3 crocodile zombies.

Vanquished Creatures
  Eustachio (D:5)
  2 water moccasins (D:6)
  An ice beast (D:6)
  A sky beast (D:6)
  2 black bears (D:5)
  An ogre (D:5)
  A scorpion (D:6)
  A jelly (D:6)
  A gnoll bouda (D:5)
  5 iguanas
  Ijyb (D:5)
  A sleepcap (D:5)
  6 gnolls (D:5)
  3 adders
  A white imp (D:6)
  2 ufetubi (D:6)
  3 dart slugs
  A ribbon worm (D:2)
  An orc (D:3)
  4 bats
  9 endoplasms
  3 giant cockroaches
  7 goblins
  3 hobgoblins
  4 jackals (D:5)
  8 kobolds
  3 quokkas
  4 ball pythons
  2 frilled lizards (D:1)
  5 rats
87 creatures vanquished.

Vanquished Creatures (others)
  An adder (D:4)
1 creature vanquished.

Grand Total: 88 creatures vanquished

Notes
Turn   | Place    | Note
-------+----------+-------------------------------------------
     0 | D:1      | mainiacjoe the Deep Elf Reaver began the quest for the Orb.
     0 | D:1      | Reached XP level 1. HP: 12/12 MP: 6/6
   126 | D:1      | Reached XP level 2. HP: 16/16 MP: 8/8
   129 | D:1      | Learned a level 2 spell: Momentum Strike
   772 | D:1      | Reached skill level 4 in Conjurations
   942 | D:1      | Reached XP level 3. HP: 20/20 MP: 9/9
  1001 | D:2      | Found Popsium's Magic Scroll Shop.
  1017 | D:2      | Found a faded altar of an unknown god.
  1157 | D:2      | Bought a scroll of teleportation for 42 gold pieces
  1252 | D:2      | Learned a level 2 spell: Searing Ray
  1336 | D:2      | Bought a scroll of fear for 56 gold pieces
  1804 | D:2      | Bought a scroll of identify for 28 gold pieces
  2278 | D:3      | Found a shimmering blue altar of Sif Muna.
  2347 | D:2      | Bought a scroll of identify for 28 gold pieces
  2494 | D:3      | Reached skill level 1 in Long Blades
  2519 | D:3      | Learned a level 1 spell: Magic Dart
  2695 | D:3      | Reached XP level 4. HP: 25/25 MP: 11/11
  2913 | D:4      | Found an ancient bone altar of Kikubaaqudgha.
  2972 | D:4      | Got Sif Muna's Atlas of Postmortem Illusion
  3180 | D:2      | Bought a scroll of identify for 28 gold pieces
  3267 | D:4      | Found Kiosm's Jewellery Shoppe.
  3352 | D:4      | Found a broken altar of Ashenzari.
  3576 | D:4      | Found Pafilluib's Book Boutique.
  3868 | D:2      | Bought a scroll of identify for 28 gold pieces
  3994 | D:4      | Found Yrithr Soxusk's Weapon Emporium.
  4024 | D:4      | Found Guriwov's General Store.
  4177 | D:5      | Entered Level 5 of the Dungeon
  4177 | D:5      | Found an opulent altar of Gozag.
  4177 | D:5      | Found Gozag's Platinum Reserve.
  4206 | D:5      | Reached XP level 5. HP: 29/29 MP: 13/13
  4282 | D:5      | Noticed an ogre
  4288 | D:5      | Killed an ogre
  4289 | D:5      | Reached skill level 5 in Spellcasting
  4289 | D:5      | Reached skill level 5 in Conjurations
  4293 | D:5      | Learned a level 3 spell: Hailstorm
  4298 | D:5      | Learned a level 4 spell: Fulminant Prism
  4725 | D:5      | Reached XP level 6. HP: 34/34 MP: 13/15
  4830 | D:5      | Reached skill level 1 in Translocations
  4830 | D:5      | Reached skill level 1 in Ice Magic
  4830 | D:5      | Reached skill level 1 in Alchemy
  4920 | D:5      | Found a bloodstained altar of Trog.
  4920 | D:5      | Noticed Ijyb
  4926 | D:5      | Killed Ijyb
  5361 | D:5      | Noticed a +0 dagger
  5362 | D:5      | Noticed a +0 dagger
  5364 | D:5      | Noticed a +0 short sword
  5367 | D:5      | Reached skill level 6 in Conjurations
  5367 | D:5      | Reached XP level 7. HP: 33/38 MP: 16/16
  5379 | D:5      | Noticed a +0 falchion
  5394 | D:5      | Noticed a +0 spear
  5399 | D:5      | Noticed a +0 spear
  5430 | D:5      | Noticed a +0 falchion
  5431 | D:5      | Noticed a +0 short sword
  5431 | D:5      | Noticed Eustachio
  5433 | D:5      | Found a hide-covered altar of Uskayaw.
  5439 | D:5      | Killed Eustachio
  5440 | D:5      | Reached skill level 7 in Conjurations
  5872 | D:6      | Reached skill level 8 in Conjurations
  6101 | D:6      | Found an iron altar of Okawaru.
  6101 | D:6      | Found a hazy altar of Hepliaklqana.
  6108 | D:6      | Reached XP level 8. HP: 42/43 MP: 17/17
  6505 | D:6      | Reached skill level 9 in Conjurations
  6623 | D:6      | Found a glowing golden altar of the Shining One.
  6651 | D:6      | Found a glowing silver altar of Zin.
  7031 | D:7      | Found Yxerphack's Weapon Boutique.
  7145 | D:7      | Found a sand-covered staircase.
  7150 | Ossuary  | Entered an ossuary
  7162 | Ossuary  | Slain by a crocodile zombie

Illustrated notes

Levels and vault maps discovered:
D:1:      zelgadis_glass_arrival_small, layout_loops_cross
D:2:      layout_loops_ring, basic_ecumenical_altar, serial_shops, shop
D:3:      layout_loops_ring, nicolae_sif_muna_condensation, chequers_jeans
D:4:      layout_loops_ring, mainiacjoe_overflow_tiny_flanked,
          nicolae_kikubaaqudgha_miasma_corner, serial_shops,
          nicolae_shop_temple_entry_statues_fountains, shop, shop,
          nicolae_shop_real_fake_doors
D:5:      layout_basic, nicolae_gozag_zags_fifth_avenue,
          nicolae_uskayaw_en_pointe, mainiacjoe_overflow_boulevard, hex_tiny,
          uniq_eustachio, uniq_ijyb
D:6:      layout_basic, mainiacjoe_overflow_two_lobes,
          gammafunk_temple_overflow_pools
D:7:      layout_basic, grunt_temple_overflow_forces_of_nature,
          minmay_temple_entry_hall, enter_ossuary_5, serial_shops, shop,
          minmay_misc_feat_tiny
Ossuary:  ossuary_the_hunt_dpeg

Skill      XL: |  1  2  3  4  5  6  7  8 |
---------------+-------------------------+-----
Conjurations   | 4 5 6 8 9 |  9.0
Long Blades    | 1 2 3 |  3.2
Spellcasting   | 4 5 |  5.0
Translocations | 1 2 |  2.0
Ice Magic      | 1 2 |  2.0
Alchemy        | 1 2 |  2.0
Fighting       | |  1.5
Short Blades   | |  3.6
Dodging        | |  2.4

Action                     |  1- 3 |  4- 6 |  7- 9 || total
---------------------------+-------+-------+-------++-------
  Melee: Short sword       |    55 |       |       ||    55
         Punch             |     1 |       |       ||     1
         Scimitar          |     6 |       |     2 ||     8
   Cast: Momentum Strike   |    14 |     5 |     4 ||    23
         Searing Ray       |    11 |    23 |    16 ||    50
         Magic Dart        |     6 |    23 |    12 ||    41
         Kiss of Death     |       |     1 |     1 ||     2
  Evoke: Wand              |       |     2 |       ||     2
    Use: Scroll            |     7 |     5 |     2 ||    14
         Potion            |       |       |     2 ||     2
   Stab: Sleeping          |     2 |       |       ||     2
 Armour: Leather armour    |    33 |     7 |    20 ||    60
  Dodge: Dodged            |    28 |     9 |    15 ||    52
